 Dungeon Crawl Stone Soup version 0.20-a0-19-gd4fea00 (webtiles) character file.

3697 KristoblXynda the Covert (level 9, -3/39 HPs)
             Began as a Spriggan Wizard on Nov 6, 2016.
             Was a Follower of Ashenzari.
             Slain by a wyvern zombie (11 damage)
             ... on level 8 of the Dungeon.
             The game lasted 00:25:47 (9254 turns).

KristoblXynda the Covert (Spriggan Wizard)          Turns: 9254, Time: 00:25:48

Health: -3/39      AC:  9    Str:  5    XL:     9   Next: 90%
Magic:  22/22      EV: 18    Int: 19    God:    Ashenzari [*.....]
Gold:   361        SH:  0    Dex: 16    Spells: 5 memorised, 14 levels left

rFire  . . .     SeeInvis +     l - +2 short sword (drain)
rCold  + . .     Gourm    .     q - +2 robe {rC+}
rNeg   . . .     Faith    +     (shield restricted)
rPois  .         Spirit   .     b - +2 hat
rElec  .         Reflect  .     m - +2 cloak "Yrufawa" {rCorr} (curse)
rCorr  +         Harm     .     (gloves unavailable)
MR     +....                    (boots unavailable)
Stlth  +++++.....               t - amulet of faith
                                (no ring)
                                (no ring)

@: very quick
A: unfitting armour, see invisible, herbivore 3, speed 3, slow metabolism 2
a: Curse Item, Scrying, Renounce Religion


You were on level 8 of the Dungeon.
You worshipped Ashenzari.
Ashenzari was aware of your devotion.
You were not hungry.

You visited 2 branches of the dungeon, and saw 9 of its levels.

You collected 361 gold pieces.

Inventory:

Hand Weapons
 l - a +2 short sword of draining (weapon)
Armour
 b - a +2 hat (worn)
 k - a +3 buckler
 m - the cursed +2 cloak "Yrufawa" (worn) {rCorr}
   (You found it on level 5 of the Dungeon)

   It protects you from acid and corrosion.
   It has a curse placed upon it.
 q - a +2 robe of cold resistance (worn)
Jewellery
 t - an amulet of faith (around neck)
Scrolls
 j - 2 scrolls of fear
 n - 3 scrolls of recharging
 u - a scroll of magic mapping
Potions
 a - 3 potions of heal wounds
 e - 2 potions of magic
 f - 2 potions of flight
 g - a potion of ambrosia
 h - 2 potions of might {unknown}
 o - 2 potions of curing {unknown}
Books
 c - a book of Minor Magic

   Spells                             Type                      Level
   a - Magic Dart                     Conjuration                  1
   b - Blink                          Translocation                2
   c - Call Imp                       Summoning                    2
   d - Repel Missiles                 Charms/Air                   2
   e - Slow                           Hexes                        2
   f - Conjure Flame                  Conjuration/Fire             3
   g - Mephitic Cloud                 Conjuration/Poison/Air       3
 s - a book of Maledictions

   Spells                             Type                      Level
   a - Corona                         Hexes                        1
   b - Ensorcelled Hibernation        Hexes/Ice                    2
   c - Confuse                        Hexes                        3
   d - Tukima's Dance                 Hexes                        3
   e - Dazzling Spray                 Conjuration/Hexes            3
Comestibles
 d - 9 bread rations
 i - a slice of pizza
 r - 4 fruits


   Skills:
 - Level 2.2 Short Blades
 - Level 3.0 Dodging
 + Level 12.6 Stealth
 - Level 3.0 Shields
 + Level 8.5 Spellcasting
 - Level 4.2 Conjurations
 + Level 1.6 Hexes
   Level 0.7 Summonings
 - Level 1.5 Translocations
 - Level 3.2 Air Magic
 - Level 3.0 Poison Magic
   Level 4.2 Evocations


You had 14 spell levels left.
You knew the following spells:

 Your Spells              Type           Power        Failure   Level  Hunger
a - Magic Dart            Conj           ###.         1%          1    None
b - Mephitic Cloud        Conj/Pois/Air  ###.....     8%          3    None
c - Blink                 Tloc           N/A          10%         2    None
d - Repel Missiles        Chrm/Air       ##....       10%         2    None
e - Confuse               Hex            ##......     14%         3    None


Dungeon Overview and Level Annotations

Branches:
Dungeon (8/15)             Temple (1/1) D:5
   Lair: D:8-11

Altars:
Ashenzari
Cheibriados
Dithmenos
Elyvilon
Fedhas
Hepliaklqana
Kikubaaqudgha
Nemelex Xobeh
Okawaru
Qazlal
Ru
Sif Muna
Trog
Uskayaw
Vehumet
Xom
Yredelemnul
Zin
The Shining One


Innate Abilities, Weirdness & Mutations

You are very small and have problems with some larger weapons.
You are too small for most types of armour.
You have supernaturally acute eyesight. (SInv)
You are a herbivore.
You cover ground extremely quickly.
You need consume almost no food.


Message History

The wyvern zombie is moderately damaged.
The wyvern zombie bites you but does no damage.
The wyvern zombie misses you.
You hit the wyvern zombie.
The wyvern zombie is moderately damaged.
The wyvern zombie bites you!
You hit the wyvern zombie.
The wyvern zombie is moderately damaged.
The wyvern zombie bites you!
* * * LOW HITPOINT WARNING * * *
You hit the wyvern zombie but do no damage.
The wyvern zombie is moderately damaged.
The wyvern zombie misses you.
You hit the wyvern zombie.
The wyvern zombie is heavily damaged.
The wyvern zombie closely misses you. x2
You hit the wyvern zombie but do no damage.
The wyvern zombie is heavily damaged.
The wyvern zombie bites you!
You die...

#....##..........###....###.#####
........#.[.....## #...####.#
###.######.....## #........# #.
##..(## #"######## #. #+## #.# #.
#.# #. #.# .. ######.# #Z@...<#
.......###### .#...#. )$.. .. .##
###


You could see a wyvern zombie.

Vanquished Creatures
  A hornet (D:7)
  A spriggan (D:7)
  A hungry ghost (D:8)
  Duvessa (D:6)
  3 ice beasts (D:6)
  A phantom (D:4)
  A sky beast (D:7)
  A necrophage (D:6)
  2 ogres
  6 centaurs
  Blork the orc (D:6)
  8 bullfrogs
  Dowan (D:6)
  A water moccasin zombie (D:7)
  2 scorpions
  3 howler monkeys
  A bullfrog zombie (D:7)
  2 crimson imps
  2 hounds
  Crazy Yiuf (D:2)
  A bullfrog skeleton (D:6)
  An orc priest (D:3)
  A jelly (D:6)
  2 gnoll shamans (D:8)
  An iron imp (D:5)
  3 iguanas
  6 orc wizards
  5 worker ants
  A hound skeleton (D:5)
  A hound zombie (D:6)
  2 worker ant zombies
  9 gnolls
  9 adders
  A shadow imp (D:6)
  2 oozes
  3 worms
  2 adder skeletons (D:4)
  3 dart slugs
  5 leopard geckos
  28 orcs
  13 bats
  A giant cockroach (D:4)
  7 hobgoblins
  8 jackals
  9 quokkas
  3 ball pythons
  6 frilled lizards
  13 goblins
  9 kobolds
  3 rats
198 creatures vanquished.

Vanquished Creatures (others)
  3 fungi (D:8)
  A plant (D:8)
4 creatures vanquished.

Grand Total: 202 creatures vanquished

Notes
Turn   | Place    | Note
-------+----------+-------------------------------------------
     0 | D:1      | KristoblXynda the Spriggan Wizard began the quest for the Orb.
     0 | D:1      | Reached XP level 1. HP: 9/9 MP: 6/6
   388 | D:1      | Reached XP level 2. HP: 13/13 MP: 4/8
   660 | D:1      | Reached skill level 4 in Stealth
   764 | D:1      | Reached skill level 1 in Conjurations
  1233 | D:2      | Reached XP level 3. HP: 7/16 MP: 0/9
  1573 | D:2      | Learned a level 3 spell: Mephitic Cloud
  2077 | D:1      | Learned a level 2 spell: Blink
  2268 | D:2      | Found a runed door.
  2272 | D:2      | Noticed Crazy Yiuf
  2377 | D:2      | Killed Crazy Yiuf
  2377 | D:2      | Reached skill level 1 in Short Blades
  2377 | D:2      | Reached XP level 4. HP: 19/21 MP: 0/11
  2716 | D:3      | Reached skill level 5 in Stealth
  2750 | D:3      | Reached XP level 5. HP: 9/24 MP: 5/12
  2939 | D:3      | Reached skill level 1 in Poison Magic
  3506 | D:3      | Found a bloodstained altar of Trog.
  3588 | D:3      | Reached skill level 6 in Stealth
  3588 | D:3      | Reached XP level 6. HP: 16/28 MP: 9/13
  4256 | D:4      | Reached skill level 7 in Stealth
  4294 | D:4      | Reached XP level 7. HP: 32/32 MP: 14/14
  4543 | D:5      | Entered Level 5 of the Dungeon
  4547 | D:5      | Found a staircase to the Ecumenical Temple.
  4555 | Temple   | Entered the Ecumenical Temple
  4737 | Temple   | Became a worshipper of Ashenzari the Shackled
  4793 | D:5      | HP: 1/32 [orc wizard/puff of flame (5)]
  5293 | D:5      | Reached skill level 1 in Air Magic
  5309 | D:5      | Found a snail-covered altar of Cheibriados.
  5578 | D:5      | Reached skill level 8 in Stealth
  5584 | D:5      | Learned a level 2 spell: Repel Missiles
  5833 | D:5      | Got the uncursed cloak "Yrufawa" {rCorr}
  5844 | D:5      | Identified the +2 cloak "Yrufawa" {rCorr} (You found it on level 5 of the Dungeon)
  5845 | D:5      | Found a shadowy altar of Dithmenos.
  6206 | D:6      | Reached XP level 8. HP: 26/36 MP: 7/15
  6215 | D:6      | Reached skill level 9 in Stealth
  6343 | D:6      | Reached skill level 1 in Evocations
  6565 | D:6      | Found a glowing golden altar of the Shining One.
  6596 | D:6      | Noticed Blork the orc
  6633 | D:6      | Killed Blork the orc
  6633 | D:6      | Reached skill level 5 in Spellcasting
  6875 | D:6      | Reached skill level 10 in Stealth
  7047 | D:6      | Noticed Duvessa
  7056 | D:6      | Noticed Dowan
  7071 | D:6      | Killed Duvessa
  7074 | D:6      | Killed Dowan
  7468 | D:6      | Reached XP level 9. HP: 39/39 MP: 19/19
  7654 | D:7      | Reached skill level 11 in Stealth
  7730 | D:7      | Reached skill level 1 in Shields
  7794 | D:7      | Learned a level 3 spell: Confuse
  8363 | D:7      | Reached * piety under Ashenzari
  8410 | D:7      | Found a stormy altar of Qazlal.
  8491 | D:7      | Found a basalt altar of Yredelemnul.
  8891 | D:8      | Reached skill level 12 in Stealth
  9070 | D:8      | Reached skill level 1 in Hexes
  9254 | D:8      | Slain by a wyvern zombie

Vault maps used:
D:1:      dpeg_arrival_rooms_c, minmay_strange_pillars, kennysheep_boxes
D:2:      first_bread, solitary_fountain, uniq_crazy_yiuf_cottage
D:3:      trog_book
D:5:      slow_altar_1, basic_altar
D:6:      nicolae_tso_carved_into_rock, uniq_blork_the_orc, uniq_duvessa
D:7:      marbit_many_paths, the_bakery, grunt_qazlal_sundering
D:8:      kennysheep_seaside_town
Temple:   eino_temple_rhombus

Skill      XL: |  1  2  3  4  5  6  7  8  9 |
---------------+----------------------------+-----
Stealth        | 4 5 6 7 8 10 12 | 12.6
Conjurations   | 1 2 3 4 |  4.2
Short Blades   | 1 2 |  2.2
Poison Magic   | 2 3 |  3.0
Air Magic      | 2 3 |  3.2
Evocations     | 4 |  4.2
Spellcasting   | 6 8 |  8.5
Shields        | 3 |  3.0
Hexes          | 1 |  1.6
Dodging        | |  3.0
Summonings     | |  0.7
Translocations | |  1.5

Action                   |  1- 3 |  4- 6 |  7- 9 || total
-------------------------+-------+-------+-------++-------
Melee: Dagger            |    33 |    12 |       ||    45
       Short sword       |       |   158 |   430 ||   588
 Cast: Magic Dart        |   109 |    38 |    44 ||   191
       Mephitic Cloud    |       |     7 |    30 ||    37
       Blink             |       |       |     1 ||     1
Invok: Curse Item        |       |       |     1 ||     1
Evoke: Wand              |       |       |     5 ||     5
  Use: Scroll            |     7 |     3 |     9 ||    19
       Potion            |     1 |     1 |     1 ||     3
 Stab: Sleeping          |     2 |    10 |    23 ||    35
       Confused          |       |     2 |    15 ||    17
       Distracted        |       |     2 |       ||     2
  Eat: Bread ration      |       |     1 |     1 ||     2
       Pizza             |       |       |     1 ||     1
Armor: Robe              |    10 |    20 |    92 ||   122
Dodge: Dodged            |    62 |   131 |   353 ||   546
